Map: [ESL] Royal Blood

Players

Firefly

  • Race: Protoss Protoss
  • Spawn Location: 1:00

Has - Winner!

  • Race: Protoss Protoss
  • Spawn Location: 7:00

Event: ESL SC2 Masters 2023 Summer (Regionals)

VOD

Have the link to the VOD?

Description

Time

  • Played on: May 12, 2023, 7:31 a.m.
  • Length: 3:35

All games in this series

Show
View Real Time Build Order
Export as new Build Order

Firefly Protoss 

Build Orders: 1 Gate Expand 

Get SALT Encoding   

  12  0:00  Probe  
  13  0:12  Probe  
  14  0:17  Pylon  
  14  0:24  Probe  
  15  0:36  Probe (Chrono Boost)  
  15  0:37  Gateway  
  16  0:47  Probe (Chrono Boost), Assimilator  
  17  0:51  Probe (Chrono Boost)  
  18  1:03  Probe  
  19  1:15  Probe  
  20  1:21  Nexus  
  20  1:32  Cybernetics Core  
  21  1:42  Assimilator  
  21  1:44  Zealot (Chrono Boost)  
  22  1:55  Pylon  
  22  2:10  Pylon  
  22  2:15  Shield Battery  
  24  2:19  Shield Battery  
  24  2:24  Shield Battery  
  24  2:25  Robotics Facility  
  24  2:35  Shield Battery  
  22  2:41  Shield Battery  
  22  2:44  Shield Battery  
  22  2:45  Shield Battery  
  22  2:53  Stargate  
  22  3:03  Gateway  
  22  3:10  Probe  
Show
View Real Time Build Order
Export as new Build Order

Has Protoss - Winner!

Build Orders:  

Get SALT Encoding   

  12  0:00  Probe  
  13  0:12  Probe  
  14  0:24  Probe  
  15  0:32  Pylon  
  15  0:50  Gateway  
  15  0:51  Gateway  
  15  0:58  Forge  
  15  1:00  Probe  
  16  1:30  Pylon  
  16  1:36  Zealot x2 (Chrono Boost)  
  20  1:42  Pylon  
  20  1:49  Photon Cannon  
  20  1:50  Photon Cannon  
  20  1:57  Zealot  
  20  1:58  Zealot  
  24  2:15  Pylon  
  24  2:25  Zealot (Chrono Boost)  
  24  2:28  Probe, Zealot (Chrono Boost)  
  29  2:34  Pylon  
  29  2:49  Zealot (Chrono Boost)  
  31  2:52  Photon Cannon  
  31  2:57  Zealot (Chrono Boost)  
  33  3:05  Photon Cannon  
  33  3:09  Zealot (Chrono Boost)  
  37  3:25  Photon Cannon  
Tags
 
Add a new tag
Caveats
  • Supply blocks, unpowered buildings, or Contaminate may cause inaccurate times.
  • Supply counts are checked every 10 seconds.